 Dungeon Crawl Stone Soup version 0.23-a0-641-g0a7f1ce553 (webtiles) character file.

67 HereIgoKillingAgain the Chopper (level 4, 0/58 HPs)
             Began as a Hill Orc Fighter on Dec 30, 2018.
             Succumbed to a gnoll's poison
             ... on level 2 of the Dungeon.
             The game lasted 00:01:12 (785 turns).

HereIgoKillingAgain the Chopper (Hill Orc Fighter)   Turns: 785, Time: 00:01:12

Health: 0/58       AC: 22    Str: 23    XL:     4   Next: 16%
Magic:  4/4        EV:  2    Int:  9    God:
Gold:   42         SH: 10    Dex: 15    Spells: 3/3 levels left

rFire    + . .     SeeInvis .   h - +0 spear
rCold    + . .     Gourm    .   c - +0 shield
rNeg     + + +     Faith    .   (armour currently unavailable)
rPois    +         Spirit   .   (helmet currently unavailable)
rElec    +         Reflect  .   (cloak currently unavailable)
rCorr    +         Harm     .   (gloves currently unavailable)
MR       .....     NoTele   +   (boots currently unavailable)
Stlth    ++........             (no amulet)
HPRegen  0.19/turn              e - -2 ring of evasion (curse)
MPRegen  0.09/turn              (no ring)

@: mighty, agile, lethally poisoned (0 -> -7), tree-form, resistant
A: no striking features
a: no special abilities


You were on level 2 of the Dungeon.
You were not hungry.
You were a tree.
You visited 1 branch of the dungeon, and saw 2 of its levels.

You collected 42 gold pieces.

Inventory:

Hand Weapons
 a - a +0 war axe
 h - a +0 spear (weapon)
Armour
 b - a +0 scale mail (melded)
 c - a +0 shield (worn)
 l - a scarf of spirit shield (melded)
Jewellery
 e - a cursed -2 ring of evasion (left branch)
Scrolls
 j - a scroll of enchant weapon {unknown}
 k - 2 scrolls of remove curse {unknown}
 n - a scroll of immolation {unknown}
 o - a scroll of magic mapping {unknown}
 p - 2 scrolls of noise {unknown}
Potions
 g - a potion of lignification
Comestibles
 f - a ration


   Skills:
 - Level 3.6 Fighting
 + Level 5.7 Axes
 - Level 3.2 Armour
 - Level 3.2 Shields


You had 3 spell levels left.
You didn't know any spells.
Your spell library was empty.

Dungeon Overview and Level Annotations

Branches:
Dungeon (2/15)

Altars:


Message History

* * * LOW HITPOINT WARNING * * *
You feel sick.
* * * LOW HITPOINT WARNING * * *
You feel sick.
* * * LOW HITPOINT WARNING * * *
You feel sick.
* * * LOW HITPOINT WARNING * * *
You feel sick.
* * * LOW HITPOINT WARNING * * *
You feel sick.
* * * LOW HITPOINT WARNING * * *
You feel sick.
* * * LOW HITPOINT WARNING * * *
You feel sick.
* * * LOW HITPOINT WARNING * * *
You feel sick.
* * * LOW HITPOINT WARNING * * *
You feel sick.
You feel very mighty all of a sudden.
You die...

#....# #)...#
#....###
+....'.#
#######....#.#
........#....#
#######.#.####
#.#.# #♣#.#
#)#.#########.#
#)#...........#
#.#####).......
#.# #.#######
..# #......<#
### #########


There were no monsters in sight!

Vanquished Creatures
  4 gnolls (D:2)
  An ooze (D:1)
  2 leopard geckos (D:1)
  2 bats (D:1)
  2 giant cockroaches (D:1)
  2 goblins (D:1)
  3 hobgoblins (D:1)
  2 jackals (D:1)
  A kobold (D:2)
  2 rats (D:1)
21 creatures vanquished.

Notes
Turn   | Place    | Note
-------+----------+-------------------------------------------
     0 | D:1      | HereIgoKillingAgain the Hill Orc Fighter began the quest
                  | for the Orb.
     0 | D:1      | Reached XP level 1. HP: 19/19 MP: 1/1
    25 | D:1      | Reached skill level 3 in Axes
    61 | D:1      | Reached XP level 2. HP: 24/26 MP: 2/2
   129 | D:1      | Reached skill level 4 in Axes
   475 | D:1      | Reached XP level 3. HP: 27/31 MP: 3/3
   744 | D:2      | Reached skill level 5 in Axes
   752 | D:2      | Reached XP level 4. HP: 8/39 MP: 0/4
   783 | D:2      | HP: 2/58 [poisoned by a gnoll]
   785 | D:2      | Succumbed to a gnoll's poison

Vault maps used:
D:1:      dpeg_arrival_arbitrary_a
D:2:      lemuel_round_altar, minmay_ruptured, uniq_natasha, uniq_sigmund

Skill      XL: |  1  2  3 |
---------------+----------+-----
Axes           | 3 4 5 |  5.7
Fighting       | |  3.6
Armour         | |  3.2
Shields        | |  3.2

Action                   |  1- 3 |  4- 6 || total
-------------------------+-------+-------++-------
Melee: War axe           |    61 |       ||    61
       Spear             |       |    13 ||    13
  Use: Potion            |       |     6 ||     6
Armor: Scale mail        |    44 |       ||    44
       Skin              |       |     7 ||     7
Dodge: Dodged            |    20 |       ||    20
Block: Shield            |    44 |     9 ||    53

Table legend:
 A = Non-vault XP
 B = Vault XP
 C = Vault XP percentage of total XP
 D = Non-vault monster count
 E = Vault monster count
 F = Vault count percentage of total count
                 A         B        C        D         E       F
            +---------+---------+-------+---------+---------+-------
      Total |      96 |       0 |   0.0 |      21 |       0 |   0.0
            +---------+---------+-------+---------+---------+-------
        D:1 |      37 |       0 |   0.0 |      16 |       0 |   0.0
        D:2 |      59 |       0 |   0.0 |       5 |       0 |   0.0
            +---------+---------+-------+---------+---------+-------
